 Dungeon Crawl Stone Soup version 0.28.0-53-g5a82cb258f (webtiles) character file.

Game seed: 7160599433632155409

4 buhh the Insei (level 1, -1/13 HPs)
             Began as an Octopode Transmuter on June 18, 2022.
             Slain by a jackal (2 damage)
             ... on level 1 of the Dungeon.
             The game lasted 00:00:22 (69 turns).

buhh the Insei (Octopode Transmuter)                  Turns: 69, Time: 00:00:23

Health: -1/13      AC:  1    Str:  9    XL:     1   Next: 70%
Magic:  2/3        EV: 13    Int: 15    God:
Gold:   0          SH:  0    Dex: 12    Spells: 3/4 levels left

rFire   . . .      SeeInvis .     - Unarmed
rCold   . . .      Faith    .   (no shield)
rNeg    . . .      Spirit   .   (helmet currently unavailable)
rPois   .          Reflect  .   (no amulet)
rElec   .          Harm     .   (no ring)
rCorr   .          Rampage  .   (no ring)
Will    .....                   (no ring)
Stlth   +++.......              (no ring)
HPRegen 0.04/turn               (no ring)
MPRegen 0.08/turn               (no ring)
                                (no ring)
                                (no ring)

@: appendages (expiring)
A: tentacle spike 3, almost no armour, amphibious, 8 rings, camouflage 1,
gelatinous body 1, (nimble swimmer 1), tentacles
a: End Transformation


You were on level 1 of the Dungeon.
One of your tentacles had grown a beastly spike.
You visited 1 branch of the dungeon, and saw 1 of its levels.

You aren't carrying anything.


   Skills:
 + Level 1.1 Fighting
 - Level 2.0 Dodging
 - Level 1.0 Stealth
 * Level 3.1 Unarmed Combat
 - Level 2.0 Spellcasting
 - Level 2.0 Transmutations


You had 3 spell levels left.
You knew the following spells:

 Your Spells              Type           Power      Damage    Failure   Level
a - Beastly Appendage     Tmut           14%        N/A       10%         1

Your spell library contained the following spells:

 Spells                   Type           Power      Damage    Failure   Level
 Wereblood                Tmut           7%         N/A       14%         2
 Spider Form              Tmut/Pois      4%         N/A       41%         3
 Ice Form                 Ice/Tmut       4%         N/A       82%         4


Dungeon Overview and Level Annotations

Branches:
Dungeon (1/15)

Altars:


Innate Abilities, Weirdness & Mutations

One of your tentacles has grown a beastly spike.
You cannot wear most types of armour.
You are amphibious.
You can wear up to eight rings at the same time.
Your skin changes colour to match your surroundings (Stealth+).
Your rubbery body absorbs attacks. (AC +1, EV +1)
((You are camouflaged when in or above water. (Stealth+)))
You have tentacles for arms and can constrict up to eight enemies at once.


Message History

You barely miss the jackal. You constrict the jackal. The jackal misses you.
The jackal closely misses you. The jackal barely misses you.
You completely miss the jackal.
The jackal is moderately wounded.
You constrict the jackal. The jackal bites you. x2
You tentacle-slap the jackal.
You kill the jackal!
The jackal barely misses you. The jackal bites you.
Your magical contamination has completely faded away.
Training target 1.0 for Stealth reached!
Your Stealth skill increases to level 1!
You are too injured to fight recklessly!
You are too injured to fight recklessly!
You closely miss the jackal. Your grab misses the jackal.
The jackal closely misses you.
You tentacle-slap the jackal but do no damage.
Your grab misses the jackal. The jackal bites you. x2
* * * LOW HITPOINT WARNING * * *
Casting: Beastly Appendage (safe; 10% risk of failure)
Press: ? - help, Q - select action Dir - look around, f - activate One of your tentacles grows a vicious spike.
The jackal bites you.
* * * LOW HITPOINT WARNING * * *
You tentacle-slap the jackal but do no damage.
Your grab misses the jackal. Your squeeze misses the jackal.
The jackal misses you.
You closely miss the jackal. You grab the jackal. You squeeze the jackal.
The jackal is moderately wounded.
You constrict the jackal. The jackal barely misses you.
The jackal closely misses you.
You tentacle-slap the jackal but do no damage.
You pierce the jackal.
The jackal is heavily wounded.
Your transformation is almost over.
You constrict the jackal, but do no damage.
The jackal misses you.
You tentacle-slap the jackal but do no damage.
The jackal is heavily wounded.
You constrict the jackal. The jackal bites you.
You die...

#.8....####.##.##
##.##
#<..........#
#.###.##
#.8...#####.#
#....## ##....#
#.# #.#### #....#
#.# #†# #.....#
#.# #.# ####..#
#.# #.#
#..####.###†###
>.....†@?....#
#####.h.##.#.#
.....#......#
#..##...#.#..# ..
...##.#..# # ####
#.#..# #. ..# #.
(.#


You could see a jackal.

Vanquished Creatures
  A jackal (D:1)
  A quokka (D:1)
  2 ball pythons (D:1)
  A frilled lizard (D:1)
5 creatures vanquished.

Notes
Turn   | Place    | Note
-------+----------+-------------------------------------------
     0 | D:1      | buhh the Octopode Transmuter began the quest for the Orb.
     0 | D:1      | Reached XP level 1. HP: 13/13 MP: 3/3
    69 | D:1      | Slain by a jackal

Illustrated notes

Levels and vault maps discovered:
D:1:      mrwooster_arrival_statue, layout_loops_ring,
          ebering_ecumenical_altar_hall

Skill      XL: |  1 |
---------------+----+-----
Stealth        | 1 |  1.0
Fighting       | |  1.1
Dodging        | |  2.0
Unarmed Combat | |  3.1
Spellcasting   | |  2.0
Transmutations | |  2.0

Action                   || total
-------------------------++-------
Melee: Unarmed           ||    18
       Constrict         ||     3
       Tentacles         ||     2
       Kick              ||     1
 Cast: Beastly Appendage ||     3
Armor: Skin              ||     1
Dodge: Dodged            ||    24
